 Dungeon Crawl Stone Soup version 0.30-a0-622-gddc90eaa04 (webtiles) character file.

Game seed: 16797740382860143941

480 IdlyInterested the Chopper (level 6, -2/49 HPs)
             Began as a Demonspawn Gladiator on Jan 10, 2023.
             Slain by an orc warrior
             ... wielding a +0 long sword
              (7 damage)
             ... on level 5 of the Dungeon.
             The game lasted 00:12:07 (3883 turns).

IdlyInterested the Chopper (Demonspawn Gladiator)   Turns: 3883, Time: 00:12:08

Health: -2/49      AC:  6    Str: 28    XL:     6   Next: 86%
Magic:  6/6        EV: 12    Int:  9    God:
Gold:   270        SH:  0    Dex: 15    Spells: 5/5 levels left

rFire   + . .      SeeInvis .    a - +1 war axe
rCold   . . .      Faith    .    (no shield)
rNeg    . . .      Spirit   .    q - +1 ring mail of Bahagifad {Regen+ Str+6}
rPois   .          Reflect  .    (helmet restricted)
rElec   .          Harm     .    w - scarf {repulsion}
rCorr   .          Rampage  .    (no gloves)
Will    .....                    (no boots)
Stlth   +                        n - amulet of regeneration
HPRegen 1.88/turn                m - +6 ring of strength
MPRegen 0.10/turn                l - ring of protection from fire

@: studying Fighting, repel missiles
A: antennae 1, hooves 1, ignite blood 2, demonic magic 1
a: no special abilities


You were on level 5 of the Dungeon.
You visited 1 branch of the dungeon, and saw 5 of its levels.

You collected 270 gold pieces.

Inventory:

Hand Weapons
 a - a +1 war axe (weapon)
 u - a +0 rapier
 v - a +2 dagger of speed
Missiles
 d - 5 throwing nets
 e - a javelin
 h - 54 stones (quivered)
 j - 4 boomerangs
 p - 6 poisoned darts
Armour
 q - the +1 ring mail of Bahagifad (worn) {Regen+ Str+6}
   (You acquired it on level 3 of the Dungeon)

   Str:       It affects your strength (+6).
   Regen:     It increases your rate of health regeneration.
 w - a scarf of repulsion (worn)
Jewellery
 l - a ring of protection from fire (right hand)
 m - a +6 ring of strength (left hand)
 n - an amulet of regeneration (around neck)
 r - an amulet of the acrobat
Wands
 x - a wand of paralysis (5)
Scrolls
 b - a scroll of teleportation
 g - a scroll of acquirement
 o - a scroll of silence
 y - a scroll of magic mapping {unknown}
Potions
 c - a potion of invisibility
 f - a potion of haste
 i - 4 potions of heal wounds
 k - a potion of attraction
 s - 2 potions of brilliance
 t - a potion of berserk rage


   Skills:
 * Level 4.5 Fighting
 - Level 5.1 Axes
 - Level 2.0 Throwing
 * Level 2.0 Armour
 - Level 2.6 Dodging
 - Level 2.0 Stealth
 - Level 2.0 Evocations


You had 5 spell levels left.
You didn't know any spells.
Your spell library contained the following spells:

 Spells                   Type           Power      Damage    Failure   Level
 Blink                    Tloc           0%         N/A       65%         2
 Manifold Assault         Tloc           0%         N/A       99%         4
 Storm Form               Tmut/Air       0%         N/A       100%        7


Dungeon Overview and Level Annotations

Branches:
Dungeon (5/15)
 Temple: D:4-7

Altars:
Ashenzari
Dithmenos
Kikubaaqudgha
Makhleb
Vehumet


Innate Abilities, Weirdness & Mutations

You have a pair of small antennae on your head.
You have large cloven feet.
Your demonic aura often causes spilled blood to erupt in flames.
Spells you cast may paralyse adjacent enemies.


Message History

Found a stone staircase leading down.
h - 54 stones (gained 5)
There is an escape hatch in the ceiling here.
A mysterious force pulls you upwards. The hatch slams shut behind you.
There is a stone staircase leading down here.
You climb downwards.
There is a stone staircase leading up here.
An orc comes into view. It is wielding a +0 club.
Found a scroll of fog.
The orc shouts!
You hear a shout!
Found a club.
The orc hits you with a +0 club.
You slash the orc!
You kill the orc!
An orc warrior comes into view. It is wielding a +0 long sword.
The orc warrior shouts!
You hit the orc warrior but do no damage.
The orc warrior hits you with a +0 long sword.
You closely miss the orc warrior.
The orc warrior hits you with a +0 long sword.
The orc warrior hits you with a +0 long sword!
You hit the orc warrior but do no damage.
Your kick misses the orc warrior. The orc warrior misses you.
An orc comes into view. It is wielding a +0 whip.
You barely miss the orc warrior. The orc warrior barely misses you.
You hit the orc warrior.
The orc warrior is lightly wounded.
The orc warrior hits you with a +0 long sword!
You hit the orc warrior.
You kick the orc warrior, but do no damage.
The orc warrior is moderately wounded.
The orc warrior hits you with a +0 long sword!
* * * LOW HITPOINT WARNING * * *
You hit the orc warrior but do no damage.
You kick the orc warrior.
The orc warrior is moderately wounded.
The orc warrior hits you with a +0 long sword!
* * * LOW HITPOINT WARNING * * *
The orc closely misses you.
The orc warrior hits you with a +0 long sword!
You die...

###### ....# #.#)#
#.###o#.##############
#....o@☼....##.......#
.......#.###.##.#####.#
.#?.#..#.#
#.......##.##
.........#
####.##<..... #
.)#.#### #.......##
#.##. ####.÷#### #. #.
#.....# . .. ##.##.#
#.##.#


You could see an orc warrior and an orc.

Vanquished Creatures
  A water moccasin (D:5)
  A crimson imp (D:3)
  A gnoll bouda (D:5)
  A hound (D:4)
  2 iguanas (D:5)
  13 gnolls
  3 adders
  An ufetubus (D:5)
  A worm (D:4)
  2 dart slugs
  3 orcs
  2 bats (D:1)
  2 endoplasms
  6 giant cockroaches
  3 goblins (D:3)
  10 hobgoblins
  5 jackals
  2 quokkas (D:1)
  7 ball pythons
  3 frilled lizards (D:1)
  2 kobolds
  6 rats
77 creatures vanquished.

Notes
Turn   | Place    | Note
-------+----------+-------------------------------------------
     0 | D:1      | IdlyInterested the Demonspawn Gladiator began the quest for
                  | the Orb.
     0 | D:1      | Reached XP level 1. HP: 16/16 MP: 1/1
   238 | D:1      | Reached skill level 3 in Axes
   300 | D:1      | Gained mutation: Your demonic aura sometimes causes spilled
                  | blood to erupt in flames. [demonic ancestry]
   300 | D:1      | Reached XP level 2. HP: 22/22 MP: 2/2
   342 | D:1      | Reached skill level 1 in Stealth
  1197 | D:2      | Discovered your monstrous ancestry.
  1197 | D:2      | Gained mutation: You have a pair of small antennae on your
                  | head. [demonic ancestry]
  1197 | D:2      | Reached XP level 3. HP: 28/28 MP: 3/3
  1198 | D:2      | Reached skill level 1 in Armour
  2032 | D:3      | Identified 3 scrolls of acquirement
  2032 | D:3      | Acquired a manual of Fighting
  2060 | D:3      | Acquired the +1 ring mail of Bahagifad {Regen+ Str+6}
  2402 | D:3      | Gained mutation: Spells you cast may paralyse adjacent
                  | enemies. [demonic ancestry]
  2402 | D:3      | Reached XP level 4. HP: 35/35 MP: 4/4
  2710 | D:3      | Found a burning altar of Makhleb.
  2711 | D:3      | Found a radiant altar of Vehumet.
  3078 | D:4      | Found an ancient bone altar of Kikubaaqudgha.
  3102 | D:4      | Gained mutation: Your demonic aura often causes spilled
                  | blood to erupt in flames. [demonic ancestry]
  3102 | D:4      | Reached XP level 5. HP: 20/41 MP: 5/5
  3116 | D:4      | Reached skill level 4 in Axes
  3362 | D:4      | Found a broken altar of Ashenzari.
  3366 | D:4      | Saw a vision of the Swamp and the Spider Nest.
  3366 | D:4      | Noticed a jumping spider
  3366 | D:4      | Noticed a culicivora
  3366 | D:4      | Noticed a wolf spider
  3366 | D:4      | Noticed a spriggan druid
  3366 | D:4      | Noticed a demonic crawler
  3366 | D:4      | Noticed a pharaoh ant
  3366 | D:4      | Noticed a will-o-the-wisp
  3366 | D:4      | Noticed a swamp drake
  3366 | D:4      | Noticed a tarantella
  3366 | D:4      | Noticed a swamp dragon
  3366 | D:4      | Noticed a demonic crawler
  3366 | D:4      | Noticed a tarantella
  3366 | D:4      | Noticed a demonic crawler
  3366 | D:4      | Noticed a redback
  3367 | D:4      | Noticed a demonic crawler
  3368 | D:4      | Noticed a redback
  3368 | D:4      | Noticed a pharaoh ant
  3368 | D:4      | Noticed a redback
  3368 | D:4      | Noticed a demonic crawler
  3368 | D:4      | Noticed a tarantella
  3370 | D:4      | Noticed a tarantella
  3390 | D:4      | Found a shadowy altar of Dithmenos.
  3570 | D:5      | Entered Level 5 of the Dungeon
  3642 | D:5      | Noticed a water moccasin
  3648 | D:5      | Killed a water moccasin
  3649 | D:5      | Reached skill level 5 in Axes
  3649 | D:5      | Reached skill level 1 in Evocations
  3649 | D:5      | Gained mutation: You have large cloven feet. [demonic
                  | ancestry]
  3649 | D:5      | Reached XP level 6. HP: 41/47 MP: 6/6
  3876 | D:5      | Noticed an orc warrior
  3883 | D:5      | Slain by an orc warrior

Illustrated notes

Levels and vault maps discovered:
D:1:      wheals_arrival_shading, layout_basic, grunt_decor_clamped
D:2:      layout_loops_corners, solitary_fountain, cheibrodos_gnoll_hut
D:3:      layout_basic, grunt_temple_overflow_lords_of_destruction
D:4:      layout_rooms, grunt_ashenzari_visionary
          [grunt_ashenzari_visionary_swamp, grunt_ashenzari_visionary_spider],
          kiku_gazebo_pond_becter, grunt_dithmenos_smoke
D:5:      layout_loops_cross, serial_shops, nicolae_shop_waterfront

Skill      XL: |  1  2  3  4  5  6 |
---------------+-------------------+-----
Axes           | 3 5 |  5.1
Stealth        | 1 2 |  2.0
Armour         | 1 2 |  2.0
Fighting       | 3 4 |  4.5
Evocations     | 1 2 |  2.0
Throwing       | 2 |  2.0
Dodging        | |  2.6

Action                   |  1- 3 |  4- 6 || total
-------------------------+-------+-------++-------
Melee: War axe           |   100 |    79 ||   179
       Punch             |     1 |     1 ||     2
       Kick              |       |     4 ||     4
  Use: Scroll            |     8 |     4 ||    12
       Potion            |       |     3 ||     3
Armor: Chain mail        |    69 |       ||    69
       Leather armour    |     1 |       ||     1
       Ring mail         |     4 |    28 ||    32
Dodge: Dodged            |    40 |    83 ||   123
       Repelled          |       |     2 ||     2

Table legend: (Time is in decaauts)
 A = Elapsed time spent in this place.
 B = Non-inter-level travel time spent in this place.
 C = Inter-level travel time spent in this place.
 D = Time resting spent in this place.
 E = Time spent auto-exploring this place.
 F = Levels seen in this place.
 G = Mean time per level.
                   A        B        C        D        E       F      G
               +--------+--------+--------+--------+--------+-----+--------+
         Total |   3953 |   3505 |    448 |      9 |   2647 |   5 |  790.6 |
       Dungeon |   3953 |   3505 |    448 |      9 |   2647 |   5 |  790.6 |
               +--------+--------+--------+--------+--------+-----+--------+

Top non-repeatable levels by time:
     D:1: 1075 daAuts
     D:2: 1066 daAuts
     D:3: 1036 daAuts
     D:4: 518 daAuts
     D:5: 256 daAuts
